 Dungeon Crawl Stone Soup version 0.30.0-29-ga12c61a403 (webtiles) character file.

Game seed: 16597560589576228328

6982 olmar the Thaumaturge (level 11, -3/76 HPs)
             Began as a Gnoll Warper on June 11, 2023.
             Slain by a sun demon (13 damage)
             ... on level 9 of the Dungeon.
             The game lasted 00:17:43 (8686 turns).

olmar the Thaumaturge (Gnoll Warper)                Turns: 8686, Time: 00:17:44

Health: -3/76      AC: 12    Str: 12    XL:     11   Next: 8%
Magic:  10/23      EV: 14    Int: 16    God:
Gold:   430        SH:  0    Dex: 11    Spells: 11/26 levels left

rFire   . . .        F - +1 short sword (distort)
rCold   + + .        (no shield)
rNeg    . . .        A - +3 leather armour {Will+}
rPois   .            o - +1 helmet
rElec   .            (no cloak)
rCorr   .            G - +2 pair of gloves
SInv    +            (no boots)
Will    +....        O - amulet of regeneration
Stlth   +++          D - ring of see invisible
HPRegen 0.00/turn    J - ring of protection from cold
MPRegen 0.18/turn

%: no passive effects
@: inhibited regen
A: fangs 1, strong nose, distributed training, cold resistance 1, frail 1,
inhibited regeneration
a: no special abilities


You were on level 9 of the Dungeon.
You visited 1 branch of the dungeon, and saw 9 of its levels.
You also visited: Sewer.

You collected 430 gold pieces.

Inventory:

Hand Weapons
 a - a +0 mace
 e - a +1 heavy whip
 F - a +1 short sword of distortion (weapon)
Missiles
 d - 7 boomerangs of dispersal
 h - 22 poisoned darts (quivered)
 E - 5 curare-tipped darts
 I - 3 boomerangs
Armour
 b - a +0 leather armour
 n - +0 steam dragon scales
 o - a +1 helmet (worn)
 w - a +3 plate armour
 x - a +0 pair of gloves
 A - a +3 leather armour of willpower (worn)
 G - a +2 pair of gloves (worn)
Jewellery
 D - a ring of see invisible (left hand)
 J - a ring of protection from cold (right hand)
 N - a ring of fire
 O - an amulet of regeneration (around neck)
Wands
 c - a wand of light (7)
 p - a wand of paralysis (10)
 H - a wand of roots (2)
Scrolls
 g - 2 scrolls of fog
 i - 3 scrolls of teleportation
 m - a scroll of enchant armour
 s - a scroll of noise
 v - a scroll of summoning {unknown}
 y - a scroll of immolation
 C - a scroll of vulnerability {unknown}
Potions
 f - 4 potions of attraction
 j - 3 potions of brilliance
 k - 2 potions of might
 t - 2 potions of haste
 z - a potion of flight
 K - a potion of ambrosia {unknown}
 M - a potion of berserk rage {unknown}


   Skills:
 + Level 7.7 Fighting
 + Level 6.1 Short Blades
 + Level 6.1 Long Blades
 + Level 6.1 Axes
 + Level 7.7 Maces & Flails
 + Level 6.1 Polearms
 + Level 6.1 Staves
 + Level 6.1 Ranged Weapons
 + Level 6.7 Throwing
 + Level 6.7 Armour
 + Level 7.7 Dodging
 + Level 6.1 Stealth
 + Level 6.1 Shields
 + Level 6.1 Unarmed Combat
 + Level 8.0 Spellcasting
 + Level 5.1 Conjurations
 + Level 5.1 Hexes
 + Level 5.1 Summonings
 + Level 5.1 Necromancy
 + Level 7.5 Translocations
 + Level 5.1 Transmutations
 + Level 5.1 Fire Magic
 + Level 5.1 Ice Magic
 + Level 5.1 Air Magic
 + Level 5.1 Earth Magic
 + Level 5.1 Poison Magic
 + Level 6.7 Invocations
 + Level 6.1 Evocations


You had 11 spell levels left.
You knew the following spells:

 Your Spells              Type           Power      Damage    Failure   Level
a - Blink                 Tloc           60%        N/A       1%          2
b - Vhi's Electric Charg  Tloc/Air       52%        N/A       3%          3
c - Portal Projectile     Hex/Tloc       52%        N/A       3%          3
d - Call Canine Familiar  Summ           22%        N/A       4%          3
e - Manifold Assault      Tloc           30%        N/A       6%          4

Your spell library contained the following spells:

 Spells                   Type           Power      Damage    Failure   Level
 Foxfire                  Conj/Fire      88%        2x1d8     1%          1
 Lesser Beckoning         Tloc           60%        N/A       1%          2
 Teleport Other           Tloc           30%        N/A       1%          3
 Ensorcelled Hibernation  Hex/Ice        44%        N/A       2%          2
 Sublimation of Blood     Necr           22%        N/A       2%          2
 Wereblood                Tmut           22%        N/A       2%          2
 Inner Flame              Hex/Fire       22%        N/A       4%          3
 Spider Form              Tmut/Pois      22%        N/A       4%          3
 Tukima's Dance           Hex            22%        N/A       4%          3
 Anguish                  Hex/Necr       11%        N/A       17%         4
 Leda's Liquefaction      Hex/Erth       11%        N/A       17%         4
 Blade Hands              Tmut           11%        N/A       43%         5
 Fireball                 Conj/Fire      11%        3d7       43%         5
 Yara's Violent Unravell  Hex/Tmut       11%        3d6       43%         5
 Plasma Beam              Fire/Air       11%        2x1d24    95%         6
 Starburst                Conj/Fire      11%        6d5       95%         6
 Enfeeble                 Hex            11%        N/A       100%        7
 Summon Hydra             Summ           11%        N/A       100%        7


Dungeon Overview and Level Annotations

Branches:
Dungeon (9/15)             Temple (0/1) D:7           Sewer (visited)
   Lair: D:8-11         Orc: D:9-12

Altars:
Hepliaklqana
Ru
Uskayaw

Shops:
D:6 :((

Annotations:
D:6 3 runed translucent doors, leafyfresh's ghost, novice GnDe
Abyss:1 Dowan


Innate Abilities, Weirdness & Mutations

You have very sharp teeth.
Your uncanny sense of smell can sniff out nearby items.
Your experience applies equally to all skills.
Your flesh is cold resistant. (rC+)
You are frail. (-10% HP)
You do not regenerate when monsters are visible.


Message History

You completely miss the kobold. The kobold misses you.
The kobold hits you but does no damage.
Unknown command.
You hit the kobold.
Space warps around the kobold.
You kill the kobold!
The kobold hits you with a +0 dagger.
* * * LOW HITPOINT WARNING * * *
Unknown command.
You hit the kobold.
Space warps around the kobold.
You kill the kobold!
Unknown command.
You see here a +0 dagger.
Found 20 gold pieces.
Found 23 gold pieces.
A sun demon comes into view.
Found a potion of curing.
You see here 23 gold pieces.
The sun demon shouts!
You hear a screech!
You hear a shout!
There is an empty arch of ancient stone here.
You hear the creaking of a portcullis very nearby.
The sun demon attacks as you move away! The sun demon barely misses you.
You barely miss the sun demon. The sun demon hits you.
You are engulfed in flames!
* * * LOW HITPOINT WARNING * * *
You hit the sun demon but do no damage.
Space warps around the sun demon.
The sun demon is lightly wounded.
Unknown command.
You hit the sun demon.
The sun demon is lightly wounded.
The sun demon blinks!
Unknown command.
You barely miss the sun demon.
The sun demon is lightly wounded.
The sun demon misses you.
You hit the sun demon but do no damage.
The sun demon is lightly wounded.
The sun demon hits you!
* * * LOW HITPOINT WARNING * * *
You are engulfed in flames!
You die...

**************#(# *,,** #.# *,,*
#.# *,,* #.# *,,* #.# *,,*
**#############.# *,!*
,,............).#############..**
,,...♣..(...........|..........,,
,,,♣..P.......<.@..............,,
,,...P♣........3###.#..$..#..,,,,
,,..P...........# #....∩..#,,,,,,
,,..............# ##......#,,,,,,
,,..............# ##.....#,,,,,,
,,..............# #######,,<,,,
,,..............# *,>,,,,
~,..............#####******,,,,,,
~,,.......<........$.,,,,,,,,,,,,


You could see a sun demon.

Vanquished Creatures
  A two-headed ogre (D:8)
  2 smoke demons (D:9)
  An orange demon (D:9)
  Maggie (D:6)
  A red devil (D:9)
  A hellwing (D:8)
  A wyvern (D:7)
  Eustachio (D:5)
  A chaos spawn (D:9)
  Menkaure (D:4)
  An acid dragon (D:9)
  Duvessa (D:7)
  A water moccasin (D:8)
  A nameless horror (D:6)
  2 ice beasts (D:6)
  An orc warrior (D:7)
  3 black bears
  2 centaurs
  2 ogres (D:4)
  2 phantoms
  A kobold brigand (D:9)
  Blork the orc (D:5)
  4 bullfrogs
  2 scorpions
  8 wights (D:6)
  3 killer bees (D:7)
  A howler monkey (D:7)
  6 hounds
  3 jellies (D:6)
  2 quasits (D:9)
  4 orc priests
  Ijyb (D:3)
  3 iguanas
  A sleepcap (D:4)
  3 orc wizards
  Robin (D:2)
  6 adders
  A shadow imp (D:6)
  2 white imps
  An ufetubus (D:5)
  3 worms
  2 dart slugs (D:4)
  28 orcs
  4 bats
  19 endoplasms
  14 giant cockroaches
  10 hobgoblins
  4 jackals (D:3)
  12 quokkas
  19 ball pythons
  8 frilled lizards
  15 goblins
  17 kobolds
  A rat (D:3)
237 creatures vanquished.

Vanquished Creatures (collateral kills)
  An orc (D:6)
1 creature vanquished.

Grand Total: 238 creatures vanquished

Notes
Turn   | Place    | Note
-------+----------+-------------------------------------------
     0 | D:1      | olmar the Gnoll Warper began the quest for the Orb.
     0 | D:1      | Reached XP level 1. HP: 20/20 MP: 6/6
   243 | D:1      | Reached XP level 2. HP: 26/26 MP: 7/7
   336 | D:1      | Learned a level 2 spell: Blink
   833 | D:2      | Found a sacrificial altar of Ru.
   945 | D:2      | Reached skill level 5 in Spellcasting
   945 | D:2      | Reached XP level 3. HP: 31/31 MP: 7/9
   989 | D:2      | Learned a level 3 spell: Vhi's Electric Charge
  1017 | D:2      | Reached skill level 1 in Invocations
  1146 | D:2      | Noticed Robin
  1338 | D:2      | Learned a level 3 spell: Portal Projectile
  1342 | D:2      | Learned a level 3 spell: Call Canine Familiar
  1548 | D:2      | Reached skill level 1 in Short Blades
  1548 | D:2      | Reached skill level 1 in Long Blades
  1548 | D:2      | Reached skill level 1 in Axes
  1548 | D:2      | Reached skill level 1 in Polearms
  1548 | D:2      | Reached skill level 1 in Staves
  1548 | D:2      | Reached skill level 1 in Ranged Weapons
  1548 | D:2      | Reached skill level 1 in Stealth
  1548 | D:2      | Reached skill level 1 in Shields
  1548 | D:2      | Reached skill level 1 in Unarmed Combat
  1548 | D:2      | Reached skill level 1 in Evocations
  1806 | D:2      | Killed Robin
  1807 | D:2      | Reached XP level 4. HP: 17/38 MP: 11/11
  1967 | D:3      | Found a faded altar of an unknown god.
  2029 | D:3      | Noticed Ijyb
  2034 | D:3      | Paralysed by Ijyb for 2 turns
  2044 | D:3      | Killed Ijyb
  2045 | D:3      | Reached skill level 1 in Conjurations
  2045 | D:3      | Reached skill level 1 in Hexes
  2045 | D:3      | Reached skill level 1 in Summonings
  2045 | D:3      | Reached skill level 1 in Necromancy
  2045 | D:3      | Reached skill level 1 in Transmutations
  2045 | D:3      | Reached skill level 1 in Fire Magic
  2045 | D:3      | Reached skill level 1 in Ice Magic
  2045 | D:3      | Reached skill level 1 in Air Magic
  2045 | D:3      | Reached skill level 1 in Earth Magic
  2045 | D:3      | Reached skill level 1 in Poison Magic
  2095 | D:3      | Found a glowing drain.
  2149 | Sewer    | Entered a sewer
  2164 | Sewer    | Reached XP level 5. HP: 26/43 MP: 12/12
  2636 | Sewer    | Reached XP level 6. HP: 36/50 MP: 14/14
  2692 | Sewer    | Reached skill level 5 in Fighting
  2692 | Sewer    | Reached skill level 5 in Maces & Flails
  2692 | Sewer    | Reached skill level 5 in Dodging
  3342 | D:4      | Noticed Menkaure
  3366 | D:4      | Reached XP level 7. HP: 56/56 MP: 11/15
  3379 | D:4      | Killed Menkaure
  3518 | D:4      | Found a hide-covered altar of Uskayaw.
  4071 | D:5      | Entered Level 5 of the Dungeon
  4080 | D:5      | Reached XP level 8. HP: 42/63 MP: 16/16
  4175 | D:5      | Noticed Eustachio
  4226 | D:5      | Reached skill level 6 in Spellcasting
  4370 | D:5      | Killed Eustachio
  4668 | D:5      | Noticed Blork the orc
  4678 | D:5      | Killed Blork the orc
  4801 | D:5      | Identified the +1 leather armour "Eclor" {rF+}
  5282 | D:6      | Noticed a nameless horror
  5349 | D:6      | Found a runed translucent gate.
  5349 | D:6      | Found a runed translucent gate.
  5349 | D:6      | Found a runed translucent gate.
  5361 | D:6      | Reached XP level 9. HP: 45/69 MP: 18/18
  5558 | D:6      | Found Vatsud's Weapon Shoppe.
  5715 | D:6      | Noticed leafyfresh's ghost (novice GnDe)
  5734 | D:6      | Found Qifos's Book Shoppe.
  5744 | D:6      | Reached skill level 5 in Throwing
  5744 | D:6      | Reached skill level 5 in Armour
  6000 | D:6      | Noticed Maggie
  6019 | D:6      | Killed Maggie
  6020 | D:6      | Reached skill level 5 in Invocations
  6143 | D:6      | Found Vuewig's Antique Weapon Shop.
  6461 | D:6      | Reached skill level 7 in Spellcasting
  6561 | D:7      | Found a hazy altar of Hepliaklqana.
  6835 | D:7      | Found a staircase to the Ecumenical Temple.
  6835 | D:7      | Noticed Duvessa
  6835 | D:7      | Noticed Dowan
  6937 | D:7      | Killed Duvessa
  6938 | D:7      | Reached skill level 5 in Short Blades
  6938 | D:7      | Reached skill level 5 in Long Blades
  6938 | D:7      | Reached skill level 5 in Axes
  6938 | D:7      | Reached skill level 5 in Polearms
  6938 | D:7      | Reached skill level 5 in Staves
  6938 | D:7      | Reached skill level 5 in Ranged Weapons
  6938 | D:7      | Reached skill level 5 in Stealth
  6938 | D:7      | Reached skill level 5 in Shields
  6938 | D:7      | Reached skill level 5 in Unarmed Combat
  6938 | D:7      | Reached skill level 5 in Evocations
  6938 | D:7      | Reached XP level 10. HP: 68/77 MP: 20/20
  7014 | D:7      | Banished Dowan
  7798 | D:8      | Noticed a two-headed ogre
  7830 | D:8      | Killed a two-headed ogre
  7988 | D:8      | Learned a level 4 spell: Manifold Assault
  8472 | D:9      | Noticed a smoke demon
  8486 | D:9      | Killed a smoke demon
  8487 | D:9      | Noticed a smoke demon
  8511 | D:9      | Killed a smoke demon
  8527 | D:9      | Noticed an orange demon
  8560 | D:8      | HP: 3/79 [hellwing (5)]
  8566 | D:8      | Gained mutation: You do not regenerate when monsters are
                  | visible. [potion of mutation]
  8566 | D:8      | Gained mutation: You are frail. (-10% HP) [potion of
                  | mutation]
  8566 | D:8      | Gained mutation: Your flesh is cold resistant. (rC+)
                  | [potion of mutation]
  8566 | D:8      | HP: 3/71 [poisoned by an orange demon]
  8626 | D:9      | Noticed a soul eater
  8630 | D:9      | Killed an orange demon
  8636 | D:9      | Banished a soul eater
  8637 | D:9      | Reached skill level 8 in Spellcasting
  8637 | D:9      | Reached skill level 5 in Conjurations
  8637 | D:9      | Reached skill level 5 in Hexes
  8637 | D:9      | Reached skill level 5 in Summonings
  8637 | D:9      | Reached skill level 5 in Necromancy
  8637 | D:9      | Reached skill level 5 in Transmutations
  8637 | D:9      | Reached skill level 5 in Fire Magic
  8637 | D:9      | Reached skill level 5 in Ice Magic
  8637 | D:9      | Reached skill level 5 in Air Magic
  8637 | D:9      | Reached skill level 5 in Earth Magic
  8637 | D:9      | Reached skill level 5 in Poison Magic
  8637 | D:9      | Reached XP level 11. HP: 30/76 MP: 8/23
  8671 | D:9      | Noticed a sun demon
  8686 | D:9      | Slain by a sun demon

Illustrated notes

Levels and vault maps discovered:
D:1:      ncdulo_lavacross, layout_loops_cross
D:2:      layout_basic, basic_altar, uniq_robin
D:3:      layout_rooms, nicolae_ecumenical_oubliette,
          cheibrodos_sewer_entry_drain, dreamdust_princess_corridor,
          corexii_leaking_fountain, serial_park_tiny_pond, uniq_ijyb
D:4:      layout_cave_pools, mainiacjoe_overflow_alcove_4, uniq_menkaure
D:5:      layout_loops_ring, saegor_snake_ambush, uniq_blork_the_orc,
          uniq_eustachio
D:6:      layout_loops_ring, serial_shops, shop, nicolae_shop_getting_attention,
          nicolae_shop_waterfront, gammafunk_ghost_icy, minmay_diced_spiral,
          uniq_maggie
D:7:      layout_loops_ring, mainiacjoe_overflow_paths,
          minmay_temple_entry_glassed_door, uniq_duvessa
D:8:      layout_basic
D:9:      layout_long_grid, nicolae_overflow_quartered_altars,
          mainiacjoe_overflow_24_doors, serial_shops,
          nicolae_shop_pleasant_corner_grove, enter_bailey_2, serial_demonic,
          serial_demonic_g, serial_demonic_b, serial_demonic_b,
          serial_demonic_b, serial_demonic_g, serial_demonic_f,
          serial_demonic_d, serial_demonic_c, serial_demonic_a, serial_demonic_e

Skill      XL: |  1  2  3  4  5  6  7  8  9 10 |
---------------+-------------------------------+-----
Spellcasting   | 5 6 7 8 |  8.0
Invocations    | 1 2 3 4 5 6 |  6.7
Short Blades   | 1 2 3 5 6 |  6.1
Long Blades    | 1 2 3 5 6 |  6.1
Axes           | 1 2 3 5 6 |  6.1
Polearms       | 1 2 3 5 6 |  6.1
Staves         | 1 2 3 5 6 |  6.1
Ranged Weapons | 1 2 3 5 6 |  6.1
Stealth        | 1 2 3 5 6 |  6.1
Shields        | 1 2 3 5 6 |  6.1
Unarmed Combat | 1 2 3 5 6 |  6.1
Evocations     | 1 2 3 5 6 |  6.1
Conjurations   | 1 2 3 4 5 |  5.1
Hexes          | 1 2 3 4 5 |  5.1
Summonings     | 1 2 3 4 5 |  5.1
Necromancy     | 1 2 3 4 5 |  5.1
Transmutations | 1 2 3 4 5 |  5.1
Fire Magic     | 1 2 3 4 5 |  5.1
Ice Magic      | 1 2 3 4 5 |  5.1
Air Magic      | 1 2 3 4 5 |  5.1
Earth Magic    | 1 2 3 4 5 |  5.1
Poison Magic   | 1 2 3 4 5 |  5.1
Throwing       | 3 4 5 6 |  6.7
Armour         | 3 4 5 6 |  6.7
Fighting       | 5 6 7 |  7.7
Maces & Flails | 5 6 7 |  7.7
Dodging        | 5 6 7 |  7.7
Translocations | 6 7 |  7.5

Action                     |  1- 3 |  4- 6 |  7- 9 | 10-12 || total
---------------------------+-------+-------+-------+-------++-------
  Melee: Mace              |    13 |       |       |       ||    13
         Whip              |   116 |   264 |   241 |       ||   621
         Bite              |     9 |    27 |    46 |    21 ||   103
         Punch             |     2 |     1 |    15 |     3 ||    21
         Short sword       |       |       |   178 |   150 ||   328
  Throw: Dart              |       |     7 |    14 |    13 ||    34
   Cast: Blink             |       |       |     2 |     2 ||     4
         Vhi's Electric Ch |       |       |     3 |    19 ||    22
         Call Canine Famil |       |       |     1 |       ||     1
  Evoke: Wand              |       |       |     9 |    11 ||    20
    Use: Scroll            |     3 |     2 |     4 |     6 ||    15
         Potion            |       |       |     2 |     6 ||     8
   Stab: Sleeping          |       |     2 |     8 |       ||    10
         Paralysed         |       |       |    21 |     3 ||    24
         Distracted        |       |       |     1 |       ||     1
 Armour: Leather armour    |    21 |    79 |   118 |    82 ||   300
  Dodge: Dodged            |    89 |   166 |   228 |   109 ||   592
